Description

stim to win

Replay - 2000 Atmosphären LE (74)

Build Order

Get SALT Encoding   

  12  0:00  SCV  
  13  0:13  SCV  
  14  0:17  Supply Depot  
  14  0:25  SCV  
  15  0:38  SCV  
  15  0:40  Barracks  
  16  0:46  Refinery  
  16  0:50  SCV  
  17  1:03  SCV  
  18  1:15  SCV  
  19  1:28  Orbital Command  
  19  1:29  Reaper  
  20  1:39  Command Center  
  20  1:49  Supply Depot  
  20  1:54  SCV  
  21  2:00  Marine  
  22  2:06  Factory  
  22  2:07  SCV  
  23  2:19  SCV  
  24  2:24  Barracks Reactor  
  24  2:31  SCV  
  25  2:40  Command Center  
  25  2:43  SCV  
  26  2:53  Orbital Command  
  26  2:56  Barracks  
  26  2:57  SCV  
  27  3:05  Barracks Tech Lab  
  27  3:09  Hellion x2  
  31  3:15  SCV x2  
  33  3:23  Refinery  
  33  3:24  Marine  
  34  3:27  Stimpack, SCV x2  
  36  3:38  Bunker  
  36  3:39  SCV  
  37  3:42  Marine  
  37  3:47  Starport  
  37  3:48  SCV  
  39  3:52  Orbital Command  
  39  3:57  Factory Reactor  
  39  3:59  SCV x2  
  39  4:00  Marine  
  42  4:05  Marine x2  
  42  4:06  Supply Depot  
  44  4:12  SCV x2  
  46  4:18  Marine  
  46  4:19  SCV x2  
  46  4:23  Marine x2  
  51  4:24  SCV  
  51  4:29  Supply Depot  
  52  4:32  Orbital Command  
  52  4:36  Marine, SCV x2  
  55  4:40  Medivac x2  
  55  4:41  Marine x2  
  61  4:48  Barracks, SCV x2  
  61  4:52  Engineering Bay x2  
  63  4:56  Marine x3  
  63  4:58  SCV x3  
  67  5:03  Supply Depot x2  
  69  5:10  Factory Reactor, SCV x2  
  69  5:12  Medivac  
  69  5:14  Marine x3  
  74  5:18  SCV  
  77  5:24  SCV x2  
  77  5:26  Supply Depot x2  
  79  5:30  SCV  
  80  5:36  SCV x2  
  80  5:37  Marine x3, Barracks Reactor  
  80  5:41  Refinery x2  
  80  5:42  SCV  
  86  5:48  Supply Depot, SCV x2  
  87  5:54  SCV  
  87  5:55  Marine x3  
  92  6:01  SCV x2  
  94  6:05  Barracks x2  
  94  6:07  SCV  
  95  6:13  Marine x5, SCV x2  
  95  6:15  Widow Mine x2  
  106  6:18  Refinery  
  106  6:19  Supply Depot x2  
Spawning Tool Build Advisor. Get it on Overwolf

Go to:

Details

  • Created by: lucahecker
  • Published on: Mar 15, 2022
  • Modified on: Mar 15, 2022
  • Patch: 4.11.0
  • Difficulty: Medium
Show
View Real Time Build Order
Export as new Build Order

Comments (0)

There are no comments. Be the first!

Create an account to comment!